 Dungeon Crawl Stone Soup version 0.21.1-1-g345015fe64 (webtiles) character file.

969 Jannitor the Digger (level 7, -5/46 HPs)
             Began as a Mummy Earth Elementalist on May 22, 2018.
             Was an Initiate of Ashenzari.
             Slain by a centaur (9 damage)
             ... on level 5 of the Dungeon.
             The game lasted 00:14:33 (9008 turns).

Jannitor the Digger (Mummy Earth Elementalist)      Turns: 9008, Time: 00:14:34

Health: -5/46      AC:  2    Str: 12    XL:     7   Next: 94%
Magic:  9/11       EV: 12    Int: 14    God:    Ashenzari [......]
Gold:   21         SH:  0    Dex: 14    Spells: 1/11 levels left

rFire    x . .     SeeInvis .   i - +3 dagger (vamp) (curse)
rCold    + . .     Gourm    .   (no shield)
rNeg     + + +     Faith    .   c - +0 robe
rPois    ∞         Spirit   .   (no helmet)
rElec    .         Reflect  .   (no cloak)
rCorr    .         Harm     .   (no gloves)
MR       .....                  (no boots)
Stlth    +++.......             (no amulet)
HPRegen  0.15/turn              (no ring)
MPRegen  0.12/turn              (no ring)

@: no status effects
A: no food or potions, fire vulnerability, cold resistance 1, negative energy
resistance 3, torment resistance, unbreathing
a: Curse Item, Renounce Religion


You were on level 5 of the Dungeon.
You worshipped Ashenzari.
Ashenzari was noncommittal.
You were not hungry.

You visited 1 branch of the dungeon, and saw 5 of its levels.

You collected 182 gold pieces.
You spent 161 gold pieces at shops.

Inventory:

Hand Weapons
 h - a +3 dagger
 i - a cursed +3 vampiric dagger (weapon)
 j - the +7 hunting sling "Ylokoost" {speed, rN++}
   (You found it on level 5 of the Dungeon)

   Attacks with this weapon are significantly faster.
   It greatly protects you from negative energy.
 k - a +1 dagger of flaming
 m - a +1 dagger of chaos
 o - a +0 blowgun
 p - a +1 rapier of holy wrath
Missiles
 b - 106 stones (quivered)
 l - 12 curare-tipped needles
 n - 7 javelins
Armour
 c - a +0 robe (worn)
 g - a +0 buckler
Wands
 e - a wand of flame (10)
Scrolls
 a - 3 scrolls of teleportation
 f - 2 scrolls of enchant armour
Books
 d - a book of Geomancy

   Spells                             Type                      Level
   a - Sandblast                      Earth                        1
   b - Passwall                       Transmutation/Earth          2
   c - Stone Arrow                    Conjuration/Earth            3
   d - Petrify                        Transmutation/Earth          4
   e - Lee's Rapid Deconstruction     Earth                        5


   Skills:
 + Level 3.7 Short Blades
 - Level 1.5 Dodging
 + Level 4.5 Stealth
 - Level 2.6 Spellcasting
 + Level 3.2 Transmutations
 + Level 4.6 Earth Magic


You had one spell level left.
You knew the following spells:

 Your Spells              Type           Power        Failure   Level  Hunger
a - Sandblast             Erth           ##....       3%          1    N/A
b - Passwall              Tmut/Erth      ##........   7%          2    N/A
c - Petrify               Tmut/Erth      ##......     41%         4    N/A
d - Stone Arrow           Conj/Erth      #.....       26%         3    N/A

Dungeon Overview and Level Annotations

Branches:
Dungeon (5/15)             Temple (0/1) D:5

Altars:
Ashenzari
Hepliaklqana
Nemelex Xobeh
Qazlal
Vehumet
Xom

Shops:
D:5 (

Annotations:
D:4 exclusions: 2 orc priests and orc wizard
D:5 exclusion: orc wizard


Innate Abilities, Weirdness & Mutations

You do not eat or drink.
Your flesh is vulnerable to fire.
You are immune to poison.
Your flesh is cold resistant. (rC+)
You are immune to negative energy. (rN+++)
You are immune to unholy pain and torment.
You can survive without breathing.


Message History

The blast of sand hits the centaur.
The centaur is heavily wounded.
b - 107 stones The centaur hits you.
Casting: Sandblast
Confirm with . or Enter, or press ? or * to list all spells.
Aiming: Sandblast
Press: ? - help, Shift-Dir - straight line, f/p - centaur
Aim: a centaur (heavily wounded)
The blast of sand hits the centaur.
The centaur is almost dead.
b - 106 stones The centaur hits you!
* * * LOW HITPOINT WARNING * * *
The centaur hits you.
* * * LOW HITPOINT WARNING * * *
You barely miss the centaur.
The centaur is almost dead.
The centaur hits you!
You die...

##### ######### ##....#
........# ......#
........##########......#
.......∩.....c..((......+
............@#####..c...#
.!...........# ......#
.............#### ......#
.. #.#.........#.#.#
#.....# ..
.#.#.........#.# #.#...
..
#.#.........#.#+#+#.#...#
.#.#.#.#.#.#.........#..#
.#.#.#.#.#.#.......#...
.#.....#.#>........#..


You could see a centaur.

Vanquished Creatures
  An ogre (D:4)
  A phantom (D:4)
  A bullfrog (D:4)
  2 scorpions (D:4)
  A centaur zombie (D:4)
  3 crimson imps
  A bullfrog zombie (D:4)
  2 orc priests
  2 hounds (D:4)
  2 orc wizards (D:4)
  2 worker ants (D:4)
  A howler monkey zombie (D:4)
  A worker ant zombie (D:4)
  A gnoll (D:5)
  6 adders
  2 oozes
  2 adder zombies (D:4)
  An adder skeleton (D:4)
  A worm (D:4)
  3 dart slugs (D:1)
  4 leopard geckos
  21 orcs
  7 bats
  3 giant cockroaches
  15 goblins
  9 hobgoblins
  5 jackals
  4 quokkas
  A ball python (D:2)
  5 frilled lizards
  A giant cockroach zombie (D:4)
  2 jackal skeletons (D:4)
  16 kobolds
  2 leopard gecko zombies (D:4)
  A quokka skeleton (D:4)
  6 rats
138 creatures vanquished.

Notes
Turn   | Place    | Note
-------+----------+-------------------------------------------
     0 | D:1      | Jannitor the Mummy Earth Elementalist began the quest for the Orb.
     0 | D:1      | Reached XP level 1. HP: 13/13 MP: 4/4
   542 | D:1      | Reached XP level 2. HP: 19/19 MP: 5/5
   975 | D:1      | Reached skill level 1 in Short Blades
  1356 | D:2      | Reached XP level 3. HP: 22/24 MP: 7/7
  1721 | D:2      | Found a stormy altar of Qazlal.
  1797 | D:2      | Learned a level 2 spell: Passwall
  2118 | D:2      | Reached XP level 4. HP: 30/30 MP: 5/8
  3119 | D:3      | Learned a level 4 spell: Petrify
  3376 | D:3      | Found a shimmering altar of Xom.
  3406 | D:3      | Reached skill level 1 in Transmutations
  3406 | D:3      | Reached XP level 5. HP: 33/35 MP: 9/9
  3781 | D:4      | Found a radiant altar of Vehumet.
  3790 | D:4      | HP: 1/35 [adder (1)]
  4373 | D:4      | Noticed an ogre
  4385 | D:4      | Killed an ogre
  4720 | D:4      | Reached XP level 6. HP: 37/41 MP: 10/10
  5637 | D:4      | Reached XP level 7. HP: 24/46 MP: 3/11
  6363 | D:3      | Learned a level 3 spell: Stone Arrow
  6376 | D:3      | Found a shattered altar of Ashenzari.
  6377 | D:3      | Found a sparkling altar of Nemelex Xobeh.
  6383 | D:3      | Became a worshipper of Ashenzari the Shackled
  6387 | D:3      | Found a hazy altar of Hepliaklqana.
  8582 | D:5      | Entered Level 5 of the Dungeon
  8599 | D:5      | Identified the +7 hunting sling "Ylokoost" {speed, rN++}
  8960 | D:5      | Found a staircase to the Ecumenical Temple.
  8978 | D:5      | Found Xemiusk's Antique Weapon Emporium.
  8986 | D:5      | Bought a runed rapier for 161 gold pieces
  9008 | D:5      | Slain by a centaur

Skill      XL: |  1  2  3  4  5  6  7 |
---------------+----------------------+-----
Stealth        | 2 3 4 |  4.5
Short Blades   | 1 2 3 |  3.7
Earth Magic    | 3 4 |  4.6
Transmutations | 1 2 3 |  3.2
Dodging        | |  1.5
Spellcasting   | |  2.6

Action                   |  1- 3 |  4- 6 |  7- 9 || total
-------------------------+-------+-------+-------++-------
Melee: Dagger            |   130 |   235 |   153 ||   518
 Cast: Sandblast         |     9 |    39 |    46 ||    94
       Passwall          |     1 |     6 |     5 ||    12
Invok: Curse Item        |       |       |     1 ||     1
Evoke: Wand              |       |       |     1 ||     1
  Use: Scroll            |       |     7 |       ||     7
 Stab: Sleeping          |     5 |     9 |    14 ||    28
       Invisible         |       |       |     2 ||     2
Armor: Robe              |    14 |    24 |    16 ||    54
Dodge: Dodged            |    80 |   136 |    90 ||   306
